NULL
Full Scoreboard »»

Canadiens vs Maple Leafs

Created - April 11, 2024 at 22:14

Goals
1 2 3 T
Canadiens 1 1 0 2
Maple Leafs 1 2 1 4
Shots
1 2 3 T
Canadiens 12 9 14 35
Maple Leafs 11 15 3 29

GoalsPenalties
1st period
1. Maple Leafs , William Nylander 25 (Will Smith 26, Kris Letang 18) at 4:07
2. Canadiens , Gabriel Landeskog 30 (Jonathan Huberdeau 37, Phillip Danault 32) at 4:43
No Penalty
2nd period
3. Maple Leafs , William Nylander 26 (Jonathan Marchessault 29) at 2:59
4. Maple Leafs , Will Smith 10 (Kris Letang 19) at 5:53
5. Canadiens , Jonathan Huberdeau 19 (Phillip Danault 33) at 14:56 (PP)
Mikhail Sergachev (MTL) for Charging (Minor) at 8:59
William Nylander (TOR) for Roughing (Minor) at 14:49
Gabriel Landeskog (MTL) for Tripping (Minor) at 17:42
3rd period
6. Maple Leafs , Michael Bunting 27 (Nick Suzuki 30, Ryan Graves 16) at 8:27
Phillip Danault (MTL) for Roughing (Minor) at 8:30
Ryan Graves (TOR) for Interference (Minor) at 18:40
Goalie Stats
Andrei Vasilevskiy (MTL), 25 saves from 29 shots - (0.862), L, 25-19-3, 60:00 minutes
Connor Ingram (TOR), 33 saves from 35 shots - (0.943), W, 6-4-2, 60:00 minutes
3 StarsOfficial
1 - William Nylander (TOR)
2 - Will Smith (TOR)
3 - Connor Ingram (TOR)
Referees : Unknown
Linesman : Unknown
Game Note
No Game Note



Team Name Goals Shots Shots Attemp Shots Blocked PIM HIT PP PK FO%
Canadiens 23575146181 / 2 (50%)043%
Maple Leafs 42966124260 / 3 (0%)157%

Canadiens
Player Name POS G A P +/- PIM HIT SHT SB MP PP MP PP SHT PK MP PK SHT FO% FOT GA TA
Alexander RomanovD000-2010320:030:0002:5100% 001
Andrew CoglianoC/LW/RW000-2043014:400:3500:0900% 500
Cal ClutterbuckLW/RW000-1020018:250:0003:0000% 000
Cole CaufieldRW000-2010014:320:3500:0000% 000
Dmitri SimashevD0000011020:270:5202:5100% 000
Evan BouchardD000-1005122:210:3403:0600% 000
Gabriel LandeskogLW/RW1011225015:110:5110:0000% 000
Jack McBainC000-1025012:400:0003:0000% 400
Jan RuttaD000-2010317:510:0000:3900% 000
Jonathan HuberdeauLW/RW1121014015:180:5110:0900% 020
Martin KautRW000-100109:000:0000:000100% 100
Mikhail SergachevD000-1202221:070:3401:5300% 002
Phillip DanaultC/LW0221210115:090:5100:00055% 2001
Rem PitlickLW/RW000-100009:000:0000:000100% 100
Shayne GostisbehereD0000003318:320:5200:3400% 001
Victor OlofssonLW/RW000-1013017:330:0002:480100% 121
Vladimir TarasenkoLW/RW000-2001014:380:3500:0000% 031
Zemgus GirgensonsC/LW/RW000-1012117:330:0002:48041% 2201
Maple Leafs
Player Name POS G A P +/- PIM HIT SHT SB MP PP MP PP SHT PK MP PK SHT FO% FOT GA TA
Andrew PeekeD0001000015:390:0000:0000% 001
Calle JarnkrokC/LW/RW0000007010:150:0000:0000% 010
Carter VerhaegheC/LW/RW0000032017:132:5400:000100% 100
Dawson MercerC/RW0001031113:000:0000:0700% 100
Dylan StromeC/LW0002021219:112:5400:32065% 1701
Jake BeanD0001000116:230:0000:4400% 000
Jason SpezzaC000000109:300:0000:00033% 310
Jonathan MarchessaultC/LW/RW0112020119:383:0300:54050% 201
Kris LetangD0221014123:462:5910:4200% 020
Michael BuntingLW/RW1010012017:122:5400:00050% 210
Morgan RiellyD0001020023:462:5900:4200% 002
Nick SuzukiC/RW0110011017:573:0300:32062% 1300
Pierre EngvallC/LW0000000110:200:0000:0000% 001
Ross ColtonC/LW/RW0001032012:180:0000:0000% 000
Ryan GravesD0111231319:502:5800:0000% 000
Sean DurziD0001030220:352:5800:4400% 000
Will SmithC1121005012:500:0000:00070% 1010
William NylanderC/LW/RW2022222019:093:0300:47020% 521

Canadiens

5 vs 5 Forward
Line #Left WingCenterRight WingPHYDFOFWanted %Time %Time Play
1Gabriel LandeskogPhillip DanaultJonathan Huberdeau1223027%14:18
2Vladimir TarasenkoAndrew CoglianoCole Caufield1223028%14:34
3Victor OlofssonZemgus GirgensonsCal Clutterbuck1223028%14:45
4Rem PitlickJack McBainMartin Kaut1221017%9:00
5 vs 5 Defense
Line #DefenseDefensePHYDFOFWanted %Time %Time Play
1Mikhail SergachevEvan Bouchard1223534%17:47
2Shayne GostisbehereDmitri Simashev1223533%17:11
3Alexander RomanovJan Rutta1223033%17:12
4Mikhail SergachevEvan Bouchard12201%0:27
Power Play Forward
Line #Left WingCenterRight WingPHYDFOFWanted %Time %Time Play
1Gabriel LandeskogPhillip DanaultJonathan Huberdeau1225059%0:51
2Vladimir TarasenkoAndrew CoglianoCole Caufield1225041%0:35
Power Play Defense
Line #DefenseDefensePHYDFOFWanted %Time %Time Play
1Mikhail SergachevEvan Bouchard1225040%0:34
2Shayne GostisbehereDmitri Simashev1225060%0:52
Penalty Kill 4 Players Forward
Line #CenterWingPHYDFOFWanted %Time %Time Play
1Zemgus GirgensonsVictor Olofsson1225050%2:57
2Jack McBainCal Clutterbuck1225050%3:00
Penalty Kill 4 Players Defense
Line #DefenseDefensePHYDFOFWanted %Time %Time Play
1Dmitri SimashevAlexander Romanov1225048%2:51
2Evan BouchardMikhail Sergachev1225052%3:06
Penalty Kill 3 Players
Line #WingPHYDFOFWanted %Time %Time PlayDefenseDefensePHYDFOFWanted %Time %Time Play
1Phillip Danault122500%0:00 Mikhail SergachevEvan Bouchard122500%0:00
2Andrew Cogliano122500%0:00 Shayne GostisbehereAlexander Romanov122500%0:00
4 vs 4 Forward
Line #CenterWingPHYDFOFWanted %Time %Time Play
1Gabriel LandeskogJonathan Huberdeau122500%0:00
2Cole CaufieldVladimir Tarasenko122500%0:00
4 vs 4 Defense
Line #DefensePHYDFOFWanted %Time %Time Play
1Jan RuttaAlexander Romanov122500%0:00
2Shayne GostisbehereDmitri Simashev122500%0:00
Last Minutes Offensive
Left WingCenterRight WingDefenseDefense
Gabriel LandeskogPhillip DanaultJonathan HuberdeauMikhail SergachevEvan Bouchard
Last Minutes Defensive
Left WingCenterRight WingDefenseDefense
Gabriel LandeskogPhillip DanaultZemgus GirgensonsMikhail SergachevDmitri Simashev
Time
Total ForwardTotal DefenseLast Minutes OffensiveLast Minutes Defensive
60:00 60:00 0:000:00
Extra Forwards
Normal PowerPlayPenalty Kill
Victor Olofsson, Cal Clutterbuck, Zemgus GirgensonsVictor Olofsson, Cal ClutterbuckZemgus Girgensons
Extra Defensemen
Normal PowerPlayPenalty Kill
Dmitri Simashev, Jan Rutta, Shayne GostisbehereDmitri Simashev, Jan RuttaShayne Gostisbehere
Penalty Shots
Gabriel Landeskog, Jonathan Huberdeau, Phillip Danault, Vladimir Tarasenko, Cole Caufield
Goalie
Andrei Vasilevskiy, Samuel Montembeault
Custom OT Lines Forwards
Gabriel Landeskog, Jonathan Huberdeau, Phillip Danault, Vladimir Tarasenko, Cole Caufield, Victor Olofsson, Cal Clutterbuck, Andrew Cogliano, Zemgus Girgensons, Jack McBain
Custom OT Lines Defensemen
Mikhail Sergachev, Evan Bouchard, Shayne Gostisbehere, Alexander Romanov, Dmitri Simashev
Scratches
Adam Erne (Healthy), Felix Nilsson (Healthy), Ilya Solovyov (Healthy), James Reimer (Healthy)

Maple Leafs

5 vs 5 Forward
Line #Left WingCenterRight WingPHYDFOFWanted %Time %Time Play
1William NylanderDylan StromeJonathan Marchessault1223529%15:20
2Michael BuntingNick SuzukiCarter Verhaeghe1223030%15:42
3Ross ColtonWill SmithDawson Mercer1222523%12:05
4Pierre EngvallJason SpezzaCalle Jarnkrok1221018%9:30
5 vs 5 Defense
Line #DefenseDefensePHYDFOFWanted %Time %Time Play
1Kris LetangMorgan Rielly1133537%19:13
2Ryan GravesSean Durzi1223532%16:53
3Andrew PeekeJake Bean1313030%15:39
4Kris LetangMorgan Rielly12202%0:52
Power Play Forward
Line #Left WingCenterRight WingPHYDFOFWanted %Time %Time Play
1Jonathan MarchessaultWilliam NylanderNick Suzuki1225051%3:03
2Michael BuntingDylan StromeCarter Verhaeghe1225049%2:54
Power Play Defense
Line #DefenseDefensePHYDFOFWanted %Time %Time Play
1Kris LetangMorgan Rielly1225050%2:59
2Ryan GravesSean Durzi1225050%2:58
Penalty Kill 4 Players Forward
Line #CenterWingPHYDFOFWanted %Time %Time Play
1William NylanderJonathan Marchessault1225063%0:54
2Dylan StromeNick Suzuki1225037%0:32
Penalty Kill 4 Players Defense
Line #DefenseDefensePHYDFOFWanted %Time %Time Play
1Kris LetangMorgan Rielly1225049%0:42
2Ryan GravesSean Durzi1225051%0:44
Penalty Kill 3 Players
Line #WingPHYDFOFWanted %Time %Time PlayDefenseDefensePHYDFOFWanted %Time %Time Play
1William Nylander122500%0:00 Kris LetangMorgan Rielly122500%0:00
2Jonathan Marchessault122500%0:00 Ryan GravesSean Durzi122500%0:00
4 vs 4 Forward
Line #CenterWingPHYDFOFWanted %Time %Time Play
1William NylanderJonathan Marchessault122500%0:00
2Dylan StromeNick Suzuki122500%0:00
4 vs 4 Defense
Line #DefensePHYDFOFWanted %Time %Time Play
1Kris LetangMorgan Rielly122500%0:00
2Ryan GravesSean Durzi122500%0:00
Last Minutes Offensive
Left WingCenterRight WingDefenseDefense
Jonathan MarchessaultWilliam NylanderNick SuzukiKris LetangMorgan Rielly
Last Minutes Defensive
Left WingCenterRight WingDefenseDefense
Jonathan MarchessaultWilliam NylanderNick SuzukiKris LetangMorgan Rielly
Time
Total ForwardTotal DefenseLast Minutes OffensiveLast Minutes Defensive
60:00 60:00 0:000:00
Extra Forwards
Normal PowerPlayPenalty Kill
Pierre Engvall, Will Smith, Dawson MercerPierre Engvall, Will SmithDawson Mercer
Extra Defensemen
Normal PowerPlayPenalty Kill
Andrew Peeke, Jake Bean, Ryan GravesAndrew Peeke, Jake BeanRyan Graves
Penalty Shots
William Nylander, Jonathan Marchessault, Dylan Strome, Nick Suzuki, Michael Bunting
Goalie
Connor Ingram, Marc-Andre Fleury
Custom OT Lines Forwards
William Nylander, Jonathan Marchessault, Dylan Strome, Nick Suzuki, Michael Bunting, Carter Verhaeghe, Will Smith, Dawson Mercer, Jason Spezza, Ross Colton
Custom OT Lines Defensemen
Kris Letang, Morgan Rielly, Ryan Graves, Sean Durzi, Andrew Peeke
Scratches
Danton Heinen (Healthy), Matthew Highmore (Healthy), Arvid Soderblom (Healthy)


Play-by-Play

1st period


0:01 of 1st period - Dylan Strome wins face-off versus Phillip Danault in neutral zone.
0:04 of 1st period - Mikhail Sergachev is hit by Kris Letang and loses puck.
0:13 of 1st period - Slapshot by William Nylander.
0:13 of 1st period - Shot Misses the Net.
0:15 of 1st period - Slapshot by Kris Letang.
0:15 of 1st period - Shot Misses the Net.
0:25 of 1st period - Morgan Rielly is hit by Andrew Cogliano and loses puck.
0:38 of 1st period - Sean Durzi is hit by Andrew Cogliano and loses puck.
0:51 of 1st period - Dmitri Simashev is hit by Ross Colton and loses puck.
1:12 of 1st period - Andrew Peeke is hit by Jack McBain.
1:54 of 1st period - Snap shot by Calle Jarnkrok.
1:54 of 1st period - Shot Misses the Net.
2:02 of 1st period - Snap shot by Calle Jarnkrok.
2:02 of 1st period - Stopped by Andrei Vasilevskiy with a rebound.
2:04 of 1st period - Snap shot by Calle Jarnkrok.
2:04 of 1st period - Stopped by Andrei Vasilevskiy without a rebound.
2:05 of 1st period - Zemgus Girgensons wins face-off versus Dylan Strome in Canadiens zone.
4:07 of 1st period - Snap shot by William Nylander.
4:07 of 1st period - Goal by William Nylander - Canadiens : 0 - Maple Leafs : 1.
4:08 of 1st period - Zemgus Girgensons wins face-off versus Dylan Strome in neutral zone.
4:13 of 1st period - Jake Bean is hit by Zemgus Girgensons and loses puck.
4:20 of 1st period - Slapshot by Shayne Gostisbehere.
4:20 of 1st period - Deflect By Jonathan Marchessault.
4:20 of 1st period - Stopped by Connor Ingram with a rebound.
4:22 of 1st period - Slapshot by Shayne Gostisbehere.
4:22 of 1st period - Shot Blocked by Dylan Strome.
4:24 of 1st period - Snap shot by Dmitri Simashev.
4:24 of 1st period - Stopped by Connor Ingram with a rebound.
4:41 of 1st period - Snap shot by Jonathan Huberdeau.
4:41 of 1st period - Stopped by Connor Ingram with a rebound.
4:43 of 1st period - Wrist shot by Gabriel Landeskog.
4:43 of 1st period - Goal by Gabriel Landeskog - Canadiens : 1 - Maple Leafs : 1.
4:44 of 1st period - Zemgus Girgensons wins face-off versus Michael Bunting in neutral zone.
4:47 of 1st period - Slapshot by Victor Olofsson.
4:47 of 1st period - Stopped by Connor Ingram with a rebound.
4:49 of 1st period - Snap shot by Evan Bouchard.
4:49 of 1st period - Shot Blocked by Sean Durzi.
4:55 of 1st period - Slapshot by Victor Olofsson.
4:55 of 1st period - Shot Blocked by Ryan Graves.
5:09 of 1st period - Vladimir Tarasenko is hit by William Nylander and loses puck.
6:29 of 1st period - Slapshot by Morgan Rielly.
6:29 of 1st period - Shot Blocked by Zemgus Girgensons.
6:31 of 1st period - Snap shot by Pierre Engvall.
6:31 of 1st period - Shot Misses the Net.
6:33 of 1st period - Snap shot by Calle Jarnkrok.
6:33 of 1st period - Stopped by Andrei Vasilevskiy without a rebound.
6:34 of 1st period - Carter Verhaeghe wins face-off versus Phillip Danault in Canadiens zone.
7:26 of 1st period - Snap shot by Will Smith.
7:26 of 1st period - Stopped by Andrei Vasilevskiy without a rebound.
7:27 of 1st period - Dylan Strome wins face-off versus Phillip Danault in Canadiens zone.
9:02 of 1st period - Snap shot by Jonathan Huberdeau.
9:02 of 1st period - Shot Misses the Net.
9:04 of 1st period - Snap shot by Shayne Gostisbehere.
9:04 of 1st period - Deflect By Gabriel Landeskog.
9:04 of 1st period - Shot Misses the Net.
9:04 of 1st period - Puck is out of play.
9:05 of 1st period - Nick Suzuki wins face-off versus Andrew Cogliano in Maple Leafs zone.
9:10 of 1st period - Slapshot by Michael Bunting.
9:10 of 1st period - Shot Misses the Net.
10:30 of 1st period - Nick Suzuki is hit by Alexander Romanov.
10:34 of 1st period - Jan Rutta is hit by Michael Bunting and loses puck.
10:51 of 1st period - Snap shot by William Nylander.
10:51 of 1st period - Shot Blocked by Alexander Romanov.
11:47 of 1st period - Snap shot by Andrew Cogliano.
11:47 of 1st period - Stopped by Connor Ingram with a rebound.
11:49 of 1st period - Wrist shot by Andrew Cogliano.
11:49 of 1st period - Shot Blocked by Dylan Strome.
11:51 of 1st period - Slapshot by Jan Rutta.
11:51 of 1st period - Shot Blocked by Kris Letang.
11:53 of 1st period - Slapshot by Alexander Romanov.
11:53 of 1st period - Shot Misses the Net.
11:55 of 1st period - Slapshot by Alexander Romanov.
11:55 of 1st period - Shot Blocked by Jonathan Marchessault.
12:01 of 1st period - Snap shot by Vladimir Tarasenko.
12:01 of 1st period - Shot Misses the Net.
12:03 of 1st period - Wrist shot by Andrew Cogliano.
12:03 of 1st period - Stopped by Connor Ingram with a rebound.
12:05 of 1st period - Snap shot by Alexander Romanov.
12:05 of 1st period - Shot Misses the Net.
12:21 of 1st period - Snap shot by Dylan Strome.
12:21 of 1st period - Stopped by Andrei Vasilevskiy with a rebound.
12:45 of 1st period - Snap shot by Cole Caufield.
12:45 of 1st period - Shot Misses the Net.
12:47 of 1st period - Snap shot by Andrew Cogliano.
12:47 of 1st period - Stopped by Connor Ingram without a rebound.
12:48 of 1st period - Nick Suzuki wins face-off versus Zemgus Girgensons in Maple Leafs zone.
13:05 of 1st period - Michael Bunting is hit by Dmitri Simashev and loses puck.
13:25 of 1st period - Snap shot by Jonathan Huberdeau.
13:25 of 1st period - Stopped by Connor Ingram without a rebound.
13:26 of 1st period - Rem Pitlick wins face-off versus Will Smith in Maple Leafs zone.
13:29 of 1st period - Slapshot by Evan Bouchard.
13:29 of 1st period - Stopped by Connor Ingram with a rebound.
13:41 of 1st period - Backhand shot by Will Smith.
13:41 of 1st period - Shot Misses the Net.
13:51 of 1st period - Mikhail Sergachev is hit by Sean Durzi and loses puck.
13:56 of 1st period - Snap shot by Calle Jarnkrok.
13:56 of 1st period - Shot Misses the Net.
13:58 of 1st period - Snap shot by Jason Spezza.
13:58 of 1st period - Stopped by Andrei Vasilevskiy without a rebound.
13:59 of 1st period - Nick Suzuki wins face-off versus Phillip Danault in Canadiens zone.
14:06 of 1st period - Wrist shot by Nick Suzuki.
14:06 of 1st period - Deflect By Carter Verhaeghe.
14:06 of 1st period - Stopped by Andrei Vasilevskiy with a rebound.
14:24 of 1st period - Andrew Peeke is hit by Victor Olofsson and loses puck.
14:31 of 1st period - Backhand shot by Victor Olofsson.
14:31 of 1st period - Stopped by Connor Ingram with a rebound.
14:33 of 1st period - Snap shot by Cal Clutterbuck.
14:33 of 1st period - Shot Misses the Net.
15:11 of 1st period - Wrist shot by Victor Olofsson.
15:11 of 1st period - Deflect By Zemgus Girgensons.
15:11 of 1st period - Stopped by Connor Ingram with a rebound.
15:13 of 1st period - Snap shot by Cal Clutterbuck.
15:13 of 1st period - Shot Misses the Net.
15:56 of 1st period - Wrist shot by Will Smith.
15:56 of 1st period - Stopped by Andrei Vasilevskiy with a rebound.
16:50 of 1st period - Jonathan Huberdeau is hit by Morgan Rielly and loses puck.
17:01 of 1st period - Slapshot by Calle Jarnkrok.
17:01 of 1st period - Shot Blocked by Phillip Danault.
17:23 of 1st period - Wrist shot by Vladimir Tarasenko.
17:23 of 1st period - Shot Misses the Net.
17:43 of 1st period - Snap shot by Carter Verhaeghe.
17:43 of 1st period - Stopped by Andrei Vasilevskiy without a rebound.
17:44 of 1st period - Will Smith wins face-off versus Zemgus Girgensons in Canadiens zone.
17:47 of 1st period - Wrist shot by Will Smith.
17:47 of 1st period - Shot Blocked by Mikhail Sergachev.
17:49 of 1st period - Snap shot by Ross Colton.
17:49 of 1st period - Stopped by Andrei Vasilevskiy without a rebound.
17:50 of 1st period - Will Smith wins face-off versus Zemgus Girgensons in Canadiens zone.
17:53 of 1st period - Wrist shot by Dawson Mercer.
17:53 of 1st period - Shot Blocked by Evan Bouchard.
17:55 of 1st period - Wrist shot by Dawson Mercer.
17:55 of 1st period - Shot Misses the Net.
17:57 of 1st period - Snap shot by Sean Durzi.
17:57 of 1st period - Deflect By Will Smith.
17:57 of 1st period - Shot Misses the Net.
17:57 of 1st period - Puck is out of play.
17:58 of 1st period - Nick Suzuki wins face-off versus Zemgus Girgensons in Canadiens zone.
Goals for this period are 1 for Canadiens vs 1 for Maple Leafs.
Shots for this period are 12 for Canadiens vs 11 for Maple Leafs.

2nd period


0:01 of 2nd period - Michael Bunting wins face-off versus Zemgus Girgensons in neutral zone.
0:04 of 2nd period - Cal Clutterbuck is hit by Sean Durzi and loses puck.
0:25 of 2nd period - Ross Colton is hit by Gabriel Landeskog and loses puck.
0:36 of 2nd period - Phillip Danault is hit by Ross Colton and loses puck.
0:47 of 2nd period - William Nylander is hit by Andrew Cogliano and loses puck.
0:56 of 2nd period - Andrew Peeke is hit by Andrew Cogliano and loses puck.
1:38 of 2nd period - Jason Spezza is hit by Jan Rutta.
1:48 of 2nd period - Jonathan Huberdeau is hit by Dawson Mercer and loses puck.
1:54 of 2nd period - Icing by Gabriel Landeskog.
1:55 of 2nd period - Phillip Danault wins face-off versus Will Smith in Canadiens zone.
1:55 of 2nd period - Phillip Danault is hit by Ryan Graves.
2:03 of 2nd period - Snap shot by Will Smith.
2:03 of 2nd period - Shot Misses the Net.
2:05 of 2nd period - Snap shot by Ryan Graves.
2:05 of 2nd period - Stopped by Andrei Vasilevskiy with a rebound.
2:07 of 2nd period - Wrist shot by Dawson Mercer.
2:07 of 2nd period - Shot Misses the Net.
2:45 of 2nd period - Wrist shot by Will Smith.
2:45 of 2nd period - Stopped by Andrei Vasilevskiy with a rebound.
2:47 of 2nd period - Slapshot by Will Smith.
2:47 of 2nd period - Shot Blocked by Alexander Romanov.
2:49 of 2nd period - Slapshot by Ross Colton.
2:49 of 2nd period - Shot Misses the Net.
2:51 of 2nd period - Wrist shot by Ross Colton.
2:51 of 2nd period - Shot Misses the Net.
2:53 of 2nd period - Slapshot by Ryan Graves.
2:53 of 2nd period - Shot Misses the Net.
2:55 of 2nd period - Snap shot by Sean Durzi.
2:55 of 2nd period - Shot Blocked by Jan Rutta.
2:57 of 2nd period - Wrist shot by Dawson Mercer.
2:57 of 2nd period - Stopped by Andrei Vasilevskiy without a rebound.
2:58 of 2nd period - Jonathan Marchessault wins face-off versus Zemgus Girgensons in Canadiens zone.
2:59 of 2nd period - Wrist shot by William Nylander.
2:59 of 2nd period - Goal by William Nylander - Canadiens : 1 - Maple Leafs : 2.
3:00 of 2nd period - Dylan Strome wins face-off versus Zemgus Girgensons in neutral zone.
3:22 of 2nd period - Icing by Dylan Strome.
3:23 of 2nd period - Dylan Strome wins face-off versus Andrew Cogliano in Maple Leafs zone.
3:31 of 2nd period - Off-side.
3:32 of 2nd period - Victor Olofsson wins face-off versus Nick Suzuki in neutral zone.
3:37 of 2nd period - Wrist shot by Michael Bunting.
3:37 of 2nd period - Deflect By Carter Verhaeghe.
3:37 of 2nd period - Shot Misses the Net.
3:37 of 2nd period - Puck is out of play.
3:38 of 2nd period - Zemgus Girgensons wins face-off versus Nick Suzuki in Canadiens zone.
4:53 of 2nd period - Wrist shot by Calle Jarnkrok.
4:53 of 2nd period - Stopped by Andrei Vasilevskiy with a rebound.
5:26 of 2nd period - Off-side.
5:27 of 2nd period - Nick Suzuki wins face-off versus Andrew Cogliano in neutral zone.
5:34 of 2nd period - Wrist shot by Michael Bunting.
5:34 of 2nd period - Stopped by Andrei Vasilevskiy with a rebound.
5:53 of 2nd period - Slapshot by Will Smith.
5:53 of 2nd period - Goal by Will Smith - Canadiens : 1 - Maple Leafs : 3.
5:54 of 2nd period - Zemgus Girgensons wins face-off versus Jonathan Marchessault in neutral zone.
5:59 of 2nd period - Wrist shot by Victor Olofsson.
5:59 of 2nd period - Shot Misses the Net.
6:32 of 2nd period - Gabriel Landeskog is hit by Carter Verhaeghe and loses puck.
7:05 of 2nd period - Wrist shot by Calle Jarnkrok.
7:05 of 2nd period - Stopped by Andrei Vasilevskiy with a rebound.
7:07 of 2nd period - Slapshot by Pierre Engvall.
7:07 of 2nd period - Shot Blocked by Shayne Gostisbehere.
7:38 of 2nd period - Snap shot by Victor Olofsson.
7:38 of 2nd period - Stopped by Connor Ingram with a rebound.
7:48 of 2nd period - Jonathan Huberdeau is hit by Carter Verhaeghe and loses puck.
8:28 of 2nd period - Icing by Evan Bouchard.
8:29 of 2nd period - Zemgus Girgensons wins face-off versus Jason Spezza in Canadiens zone.
8:37 of 2nd period - Icing by Zemgus Girgensons.
8:38 of 2nd period - Dylan Strome wins face-off versus Zemgus Girgensons in Canadiens zone.
8:45 of 2nd period - Snap shot by William Nylander.
8:45 of 2nd period - Shot Blocked by Mikhail Sergachev.
8:59 of 2nd period - Minor Penalty to Mikhail Sergachev for Charging.
9:00 of 2nd period - Zemgus Girgensons wins face-off versus William Nylander in Canadiens zone.
9:11 of 2nd period - Wrist shot by Cal Clutterbuck.
9:11 of 2nd period - Shot Misses the Net.
9:38 of 2nd period - Snap shot by Carter Verhaeghe.
9:38 of 2nd period - Shot Blocked by Alexander Romanov.
9:40 of 2nd period - Slapshot by Ryan Graves.
9:40 of 2nd period - Shot Misses the Net.
10:06 of 2nd period - Evan Bouchard is hit by Carter Verhaeghe and loses puck.
10:45 of 2nd period - Snap shot by Jonathan Marchessault.
10:45 of 2nd period - Shot Blocked by Shayne Gostisbehere.
10:47 of 2nd period - Slapshot by Kris Letang.
10:47 of 2nd period - Stopped by Andrei Vasilevskiy with a rebound.
10:59 of 2nd period - Penalty to Mikhail Sergachev is over, Mikhail Sergachev is back on ice.
11:07 of 2nd period - Cal Clutterbuck is hit by Morgan Rielly and loses puck.
11:20 of 2nd period - Slapshot by Kris Letang.
11:20 of 2nd period - Stopped by Andrei Vasilevskiy without a rebound.
11:21 of 2nd period - Will Smith wins face-off versus Phillip Danault in Canadiens zone.
12:11 of 2nd period - Shayne Gostisbehere is hit by Ryan Graves and loses puck.
12:19 of 2nd period - Icing by Shayne Gostisbehere.
12:20 of 2nd period - Will Smith wins face-off versus Jack McBain in Canadiens zone.
12:47 of 2nd period - Slapshot by Shayne Gostisbehere.
12:47 of 2nd period - Deflect By Will Smith.
12:47 of 2nd period - Stopped by Connor Ingram without a rebound.
12:48 of 2nd period - Will Smith wins face-off versus Phillip Danault in Maple Leafs zone.
12:55 of 2nd period - Jonathan Huberdeau is hit by Sean Durzi and loses puck.
13:32 of 2nd period - Snap shot by Vladimir Tarasenko.
13:32 of 2nd period - Stopped by Connor Ingram without a rebound.
13:33 of 2nd period - Dylan Strome wins face-off versus Andrew Cogliano in Maple Leafs zone.
14:18 of 2nd period - Slapshot by Kris Letang.
14:18 of 2nd period - Deflect By Gabriel Landeskog.
14:18 of 2nd period - Stopped by Andrei Vasilevskiy with a rebound.
14:22 of 2nd period - Snap shot by Jason Spezza.
14:22 of 2nd period - Deflect By Calle Jarnkrok.
14:22 of 2nd period - Stopped by Andrei Vasilevskiy with a rebound.
14:24 of 2nd period - Snap shot by Kris Letang.
14:24 of 2nd period - Deflect By Gabriel Landeskog.
14:24 of 2nd period - Stopped by Andrei Vasilevskiy without a rebound.
14:25 of 2nd period - Jason Spezza wins face-off versus Phillip Danault in Canadiens zone.
14:26 of 2nd period - Snap shot by Calle Jarnkrok.
14:26 of 2nd period - Stopped by Andrei Vasilevskiy without a rebound.
14:27 of 2nd period - Dylan Strome wins face-off versus Phillip Danault in Canadiens zone.
14:32 of 2nd period - Slapshot by William Nylander.
14:32 of 2nd period - Shot Misses the Net.
14:35 of 2nd period - Icing by Mikhail Sergachev.
14:36 of 2nd period - Phillip Danault wins face-off versus Dylan Strome in Canadiens zone.
14:36 of 2nd period - Phillip Danault is hit by Dylan Strome.
14:49 of 2nd period - Minor Penalty to William Nylander for Roughing.
14:50 of 2nd period - Phillip Danault wins face-off versus Dawson Mercer in Maple Leafs zone.
14:54 of 2nd period - Wrist shot by Jonathan Huberdeau.
14:54 of 2nd period - Shot Misses the Net.
14:56 of 2nd period - Snap shot by Jonathan Huberdeau.
14:56 of 2nd period - Goal by Jonathan Huberdeau - Canadiens : 2 - Maple Leafs : 3.
14:57 of 2nd period - Dylan Strome wins face-off versus Zemgus Girgensons in neutral zone.
15:05 of 2nd period - Off-side.
15:06 of 2nd period - Dylan Strome wins face-off versus Zemgus Girgensons in neutral zone.
15:39 of 2nd period - Slapshot by Shayne Gostisbehere.
15:39 of 2nd period - Shot Misses the Net.
15:41 of 2nd period - Snap shot by Shayne Gostisbehere.
15:41 of 2nd period - Deflect By Victor Olofsson.
15:41 of 2nd period - Shot Misses the Net.
15:41 of 2nd period - Puck is out of play.
15:42 of 2nd period - Phillip Danault wins face-off versus Nick Suzuki in Maple Leafs zone.
15:45 of 2nd period - Slapshot by Jonathan Huberdeau.
15:45 of 2nd period - Shot Misses the Net.
15:47 of 2nd period - Snap shot by Evan Bouchard.
15:47 of 2nd period - Stopped by Connor Ingram with a rebound.
15:51 of 2nd period - Slapshot by Gabriel Landeskog.
15:51 of 2nd period - Stopped by Connor Ingram with a rebound.
15:53 of 2nd period - Slapshot by Evan Bouchard.
15:53 of 2nd period - Stopped by Connor Ingram with a rebound.
15:55 of 2nd period - Snap shot by Gabriel Landeskog.
15:55 of 2nd period - Stopped by Connor Ingram without a rebound.
15:56 of 2nd period - Nick Suzuki wins face-off versus Andrew Cogliano in Maple Leafs zone.
17:27 of 2nd period - Slapshot by Evan Bouchard.
17:27 of 2nd period - Stopped by Connor Ingram without a rebound.
17:28 of 2nd period - Phillip Danault wins face-off versus Dylan Strome in Maple Leafs zone.
17:42 of 2nd period - Minor Penalty to Gabriel Landeskog for Tripping.
17:43 of 2nd period - William Nylander wins face-off versus Jack McBain in Canadiens zone.
18:01 of 2nd period - Dmitri Simashev is hit by Nick Suzuki.
19:02 of 2nd period - Zemgus Girgensons is hit by Jonathan Marchessault and loses puck.
19:42 of 2nd period - Penalty to Gabriel Landeskog is over, Gabriel Landeskog is back on ice.
19:49 of 2nd period - Vladimir Tarasenko is hit by Dawson Mercer and loses puck.
19:54 of 2nd period - Slapshot by Ross Colton.
19:54 of 2nd period - Stopped by Andrei Vasilevskiy with a rebound.
Goals for this period are 1 for Canadiens vs 2 for Maple Leafs.
Shots for this period are 9 for Canadiens vs 15 for Maple Leafs.

3rd period


0:01 of 3rd period - Phillip Danault wins face-off versus Nick Suzuki in neutral zone.
0:08 of 3rd period - Snap shot by Phillip Danault.
0:08 of 3rd period - Shot Misses the Net.
0:16 of 3rd period - Snap shot by Nick Suzuki.
0:16 of 3rd period - Shot Misses the Net.
2:26 of 3rd period - Slapshot by Mikhail Sergachev.
2:26 of 3rd period - Stopped by Connor Ingram without a rebound.
2:27 of 3rd period - Martin Kaut wins face-off versus Jason Spezza in Maple Leafs zone.
2:28 of 3rd period - Snap shot by Evan Bouchard.
2:28 of 3rd period - Deflect By Jack McBain.
2:28 of 3rd period - Stopped by Connor Ingram with a rebound.
2:30 of 3rd period - Snap shot by Evan Bouchard.
2:30 of 3rd period - Deflect By Pierre Engvall.
2:30 of 3rd period - Stopped by Connor Ingram with a rebound.
2:32 of 3rd period - Snap shot by Martin Kaut.
2:32 of 3rd period - Stopped by Connor Ingram with a rebound.
2:34 of 3rd period - Slapshot by Martin Kaut.
2:34 of 3rd period - Shot Misses the Net.
2:36 of 3rd period - Wrist shot by Jack McBain.
2:36 of 3rd period - Stopped by Connor Ingram with a rebound.
2:38 of 3rd period - Slapshot by Mikhail Sergachev.
2:38 of 3rd period - Stopped by Connor Ingram with a rebound.
2:40 of 3rd period - Wrist shot by Mikhail Sergachev.
2:40 of 3rd period - Shot Misses the Net.
3:23 of 3rd period - Snap shot by Phillip Danault.
3:23 of 3rd period - Shot Blocked by Pierre Engvall.
3:25 of 3rd period - Slapshot by Shayne Gostisbehere.
3:25 of 3rd period - Shot Misses the Net.
4:18 of 3rd period - Jason Spezza is hit by Gabriel Landeskog and loses puck.
4:27 of 3rd period - Snap shot by Jonathan Huberdeau.
4:27 of 3rd period - Shot Misses the Net.
4:29 of 3rd period - Snap shot by Phillip Danault.
4:29 of 3rd period - Shot Misses the Net.
5:07 of 3rd period - Zemgus Girgensons is hit by Dylan Strome and loses puck.
5:53 of 3rd period - Icing by Sean Durzi.
5:54 of 3rd period - Zemgus Girgensons wins face-off versus Nick Suzuki in Maple Leafs zone.
5:55 of 3rd period - Snap shot by Victor Olofsson.
5:55 of 3rd period - Shot Blocked by Ryan Graves.
6:01 of 3rd period - Slapshot by Sean Durzi.
6:01 of 3rd period - Shot Blocked by Shayne Gostisbehere.
6:03 of 3rd period - Slapshot by Nick Suzuki.
6:03 of 3rd period - Shot Misses the Net.
6:05 of 3rd period - Snap shot by Nick Suzuki.
6:05 of 3rd period - Stopped by Andrei Vasilevskiy without a rebound.
6:06 of 3rd period - Phillip Danault wins face-off versus Dylan Strome in Canadiens zone.
6:13 of 3rd period - Snap shot by William Nylander.
6:13 of 3rd period - Shot Misses the Net.
6:57 of 3rd period - Snap shot by Shayne Gostisbehere.
6:57 of 3rd period - Shot Blocked by Ryan Graves.
6:59 of 3rd period - Snap shot by Victor Olofsson.
6:59 of 3rd period - Shot Misses the Net.
7:01 of 3rd period - Wrist shot by Zemgus Girgensons.
7:01 of 3rd period - Stopped by Connor Ingram without a rebound.
7:02 of 3rd period - Phillip Danault wins face-off versus William Nylander in Maple Leafs zone.
7:09 of 3rd period - Snap shot by Gabriel Landeskog.
7:09 of 3rd period - Shot Misses the Net.
7:11 of 3rd period - Slapshot by Gabriel Landeskog.
7:11 of 3rd period - Stopped by Connor Ingram with a rebound.
8:25 of 3rd period - Snap shot by Michael Bunting.
8:25 of 3rd period - Shot Blocked by Jan Rutta.
8:27 of 3rd period - Wrist shot by Michael Bunting.
8:27 of 3rd period - Goal by Michael Bunting - Canadiens : 2 - Maple Leafs : 4.
8:28 of 3rd period - Phillip Danault wins face-off versus Dylan Strome in neutral zone.
8:30 of 3rd period - Minor Penalty to Phillip Danault for Roughing.
8:31 of 3rd period - Dylan Strome wins face-off versus Jack McBain in Canadiens zone.
9:05 of 3rd period - Wrist shot by Morgan Rielly.
9:05 of 3rd period - Deflect By William Nylander.
9:05 of 3rd period - Shot Misses the Net.
9:05 of 3rd period - Puck is out of play.
9:06 of 3rd period - Zemgus Girgensons wins face-off versus William Nylander in Canadiens zone.
9:06 of 3rd period - Zemgus Girgensons is hit by Jonathan Marchessault.
10:30 of 3rd period - Penalty to Phillip Danault is over, Phillip Danault is back on ice.
10:38 of 3rd period - Dmitri Simashev is hit by Dawson Mercer and loses puck.
11:04 of 3rd period - Snap shot by Jonathan Huberdeau.
11:04 of 3rd period - Stopped by Connor Ingram without a rebound.
11:05 of 3rd period - Will Smith wins face-off versus Phillip Danault in Maple Leafs zone.
11:12 of 3rd period - Snap shot by Will Smith.
11:12 of 3rd period - Stopped by Andrei Vasilevskiy without a rebound.
11:13 of 3rd period - Phillip Danault wins face-off versus Will Smith in Canadiens zone.
11:13 of 3rd period - Phillip Danault is hit by Ross Colton.
11:38 of 3rd period - Cal Clutterbuck is hit by Ryan Graves and loses puck.
12:19 of 3rd period - Andrew Peeke is hit by Jack McBain and loses puck.
12:24 of 3rd period - Snap shot by Shayne Gostisbehere.
12:24 of 3rd period - Shot Misses the Net.
12:26 of 3rd period - Slapshot by Shayne Gostisbehere.
12:26 of 3rd period - Stopped by Connor Ingram with a rebound.
12:28 of 3rd period - Wrist shot by Rem Pitlick.
12:28 of 3rd period - Shot Blocked by Jake Bean.
13:09 of 3rd period - Sean Durzi is hit by Cal Clutterbuck and loses puck.
13:39 of 3rd period - Slapshot by Morgan Rielly.
13:39 of 3rd period - Shot Blocked by Jan Rutta.
13:45 of 3rd period - Slapshot by Jack McBain.
13:45 of 3rd period - Stopped by Connor Ingram without a rebound.
13:46 of 3rd period - Dylan Strome wins face-off versus Jack McBain in Maple Leafs zone.
13:51 of 3rd period - Jack McBain is hit by William Nylander and loses puck.
14:06 of 3rd period - Wrist shot by Martin Kaut.
14:06 of 3rd period - Shot Blocked by Sean Durzi.
14:08 of 3rd period - Wrist shot by Jack McBain.
14:08 of 3rd period - Stopped by Connor Ingram without a rebound.
14:09 of 3rd period - Nick Suzuki wins face-off versus Zemgus Girgensons in Maple Leafs zone.
14:18 of 3rd period - Off-side.
14:19 of 3rd period - Nick Suzuki wins face-off versus Zemgus Girgensons in neutral zone.
14:19 of 3rd period - Nick Suzuki is hit by Cal Clutterbuck.
14:44 of 3rd period - Snap shot by Carter Verhaeghe.
14:44 of 3rd period - Shot Misses the Net.
15:32 of 3rd period - Icing by Zemgus Girgensons.
15:33 of 3rd period - Will Smith wins face-off versus Zemgus Girgensons in Canadiens zone.
15:36 of 3rd period - Wrist shot by Ross Colton.
15:36 of 3rd period - Shot Misses the Net.
15:59 of 3rd period - Dylan Strome is hit by Phillip Danault and loses puck.
16:33 of 3rd period - Slapshot by Shayne Gostisbehere.
16:33 of 3rd period - Shot Blocked by Dawson Mercer.
16:35 of 3rd period - Wrist shot by Martin Kaut.
16:35 of 3rd period - Deflect By Jack McBain.
16:35 of 3rd period - Stopped by Connor Ingram with a rebound.
18:40 of 3rd period - Minor Penalty to Ryan Graves for Interference.
18:41 of 3rd period - Phillip Danault wins face-off versus William Nylander in Maple Leafs zone.
18:42 of 3rd period - Wrist shot by Jonathan Huberdeau.
18:42 of 3rd period - Shot Hit the Post.
18:44 of 3rd period - Slapshot by Phillip Danault.
18:44 of 3rd period - Shot Misses the Net.
18:46 of 3rd period - Wrist shot by Gabriel Landeskog.
18:46 of 3rd period - Shot Misses the Net.
18:54 of 3rd period - Wrist shot by Gabriel Landeskog.
18:54 of 3rd period - Stopped by Connor Ingram with a rebound.
18:56 of 3rd period - Slapshot by Evan Bouchard.
18:56 of 3rd period - Shot Misses the Net.
19:06 of 3rd period - Sean Durzi is hit by Cole Caufield and loses puck.
19:23 of 3rd period - Jake Bean is hit by Jonathan Huberdeau and loses puck.
Goals for this period are 0 for Canadiens vs 1 for Maple Leafs.
Shots for this period are 14 for Canadiens vs 3 for Maple Leafs.